 Dungeon Crawl Stone Soup version 0.26-a0-651-gb41185065b (webtiles) character file.

Game seed: 9239432140018645085

2123 kae the Transmogrifier (level 9, -7/70 HPs)
             Began as a Naga Transmuter on Oct 30, 2020.
             Mangled by a two-headed ogre
             ... wielding a +0 giant club
              (9 damage)
             ... on level 7 of the Dungeon.
             The game lasted 00:04:58 (9098 turns).

kae the Transmogrifier (Naga Transmuter)            Turns: 9098, Time: 00:04:59

Health: -7/70      AC:  5    Str: 15    XL:     9   Next: 29%
Magic:  0/12       EV: 10    Int: 14    God:
Gold:   357        SH:  0    Dex: 12    Spells: 3/12 levels left

rFire    . . .     SeeInvis +     - Unarmed
rCold    . . .     Faith    .   (shield currently unavailable)
rNeg     . . .     Spirit   +   a - +1 robe
rPois    +         Reflect  .   (no helmet)
rElec    .         Harm     .   (no cloak)
rCorr    .         Rampage  .   (gloves currently unavailable)
MR       +....                  (no barding)
Stlth    +.........             h - amulet of guardian spirit
HPRegen  0.21/turn              (no ring)
MPRegen  0.13/turn              (no ring)

@: about to teleport, blade hands (expiring), studying Crossbows, very slow
A: large, see invisible, deformed body, poison resistance, slowness 2, spit
poison 1, AC +3
a: Spit Poison, End Transformation


You were on level 7 of the Dungeon.
You had blades for hands.
You visited 1 branch of the dungeon, and saw 7 of its levels.

You collected 357 gold pieces.

Inventory:

Armour
 a - a +1 robe (worn)
Jewellery
 h - an amulet of guardian spirit (around neck)
Wands
 g - a wand of flame (18)
Scrolls
 b - 2 scrolls of teleportation
 f - a scroll of amnesia
 n - a scroll of fear
 o - 2 scrolls of magic mapping
 p - 2 scrolls of identify
Potions
 c - 2 potions of might
 d - 3 potions of curing {unknown}
 e - 2 potions of brilliance {unknown}
 i - 3 potions of lignification
 j - a potion of ambrosia {unknown}
 k - a potion of magic {unknown}
 l - a potion of heal wounds {unknown}
 m - a potion of flight {unknown}
Books
 q - a manual of Crossbows


   Skills:
 - Level 1.0 Fighting
 - Level 1.5 Dodging
 + Level 7.3 Unarmed Combat
 - Level 2.0 Spellcasting
 * Level 9.7 Transmutations
 - Level 4.0 Poison Magic


You had 3 spell levels left.
You knew the following spells:

 Your Spells              Type           Power        Failure   Level
a - Beastly Appendage     Tmut           ####..       11%         1
b - Spider Form           Tmut/Pois      ###.......   30%         3
c - Blade Hands           Tmut           ####......   50%         5

Your spell library contained the following spells:

 Spells                   Type           Power        Failure   Level
 Wereblood                Tmut           ####....     13%         2
 Shock                    Conj/Air       #...         67%         1
 Swiftness                Air            #.......     77%         2
 Static Discharge         Conj/Air       #.......     90%         3
 Ice Form                 Ice/Tmut       ##......     75%         4
 Airstrike                Air            #.........   99%         4
 Lightning Bolt           Conj/Air       #.........   100%        5


Dungeon Overview and Level Annotations

Branches:
Dungeon (7/15)             Temple (0/1) D:5

Altars:
Nemelex Xobeh
Vehumet

Annotations:
D:3 1 runed translucent door, Lanoc's ghost, weakling FeAr


Innate Abilities, Weirdness & Mutations

You cannot wear boots.
Your serpentine skin is tough. (AC +3)
You have supernaturally acute eyesight. (SInv)
Armour fits poorly on your strangely shaped body.
Your system is resistant to poisons. (rPois)
You cover ground very slowly.
You can spit poison.


Message History

You feel strangely unstable.
You struggle against the net.
The two-headed ogre hits you with a +0 giant club!
The two-headed ogre hits you with a +0 giant spiked club!
A gnoll comes into view. It is wielding a +0 flail.
You struggle against the net.
The gnoll shouts!
The two-headed ogre hits you with a +0 giant club!!
The two-headed ogre hits you with a +0 giant spiked club!!
* * * LOW HITPOINT WARNING * * *
Okay, then.
You rip the net and break free!
A sky beast comes into view.
A gnoll sergeant comes into view. It is wielding a +0 trident.
You slash the two-headed ogre!
The two-headed ogre is moderately wounded.
The two-headed ogre hits you with a +0 giant club.
* * * LOW HITPOINT WARNING * * *
The two-headed ogre hits you with a +0 giant spiked club!
You die...

......
#gs..g
###.##
#...Y#
#.g..#
#.#
#....##
#..
.....#
##.
#..g##
#.
#gO.#
##
#.@.##
#
##...#
#
###.##
#..#
##.#
#.##
#..#
#..##
#..[#


You could see a two-headed ogre, a sky beast, a gnoll sergeant, 3 gnolls and a
giant cockroach.

Vanquished Creatures
  Grinder (D:5)
  Sigmund (D:2)
  Eustachio (D:4)
  Duvessa (D:5)
  A sky beast (D:7)
  An orc warrior (D:7)
  A phantom (D:4)
  Dowan (D:5)
  2 scorpions
  A bullfrog zombie (D:7)
  2 centaur zombies (D:6)
  3 howler monkeys
  6 hounds
  4 orc priests
  A centaur skeleton (D:6)
  2 bullfrog skeletons
  2 iguanas
  Terence (D:2)
  3 worker ants
  4 orc wizards
  A hound zombie (D:6)
  Robin (D:4)
  4 gnolls (D:2)
  A howler monkey zombie (D:7)
  6 adders
  2 shadow imps
  A white imp (D:7)
  An ooze (D:4)
  An adder skeleton (D:6)
  A worm (D:3)
  3 dart slugs
  6 leopard geckos
  18 orcs
  9 giant cockroaches
  13 goblins
  7 hobgoblins
  4 jackals (D:5)
  2 kobolds
  4 quokkas
  A ball python (D:3)
  7 bats
  9 frilled lizards
  A leopard gecko skeleton (D:4)
  7 rats
149 creatures vanquished.

Notes
Turn   | Place    | Note
-------+----------+-------------------------------------------
     0 | D:1      | kae the Naga Transmuter began the quest for the Orb.
     0 | D:1      | Reached XP level 1. HP: 18/18 MP: 3/3
   240 | D:1      | Reached XP level 2. HP: 23/25 MP: 3/5
  1484 | D:2      | Reached skill level 3 in Transmutations
  1484 | D:2      | Reached XP level 3. HP: 28/31 MP: 4/6
  1489 | D:2      | Learned a level 3 spell: Spider Form
  1524 | D:2      | Noticed Sigmund
  1544 | D:2      | Killed Sigmund
  1544 | D:2      | Reached skill level 4 in Transmutations
  1544 | D:2      | Reached XP level 4. HP: 24/38 MP: 1/7
  1544 | D:2      | Reached XP level 5. HP: 28/44 MP: 1/8
  2008 | D:2      | Noticed Terence
  2018 | D:2      | Killed Terence
  2156 | D:2      | Reached XP level 6. HP: 47/51 MP: 9/9
  3147 | D:3      | Found a runed translucent door.
  3147 | D:3      | Noticed Lanoc's ghost (weakling FeAr)
  3166 | D:3      | Reached skill level 5 in Transmutations
  4187 | D:4      | Noticed Eustachio
  4200 | D:4      | Killed Eustachio
  4200 | D:4      | Reached XP level 7. HP: 33/57 MP: 4/10
  4471 | D:4      | Noticed Robin
  4478 | D:4      | Killed Robin
  4484 | D:4      | Reached skill level 6 in Transmutations
  4507 | D:4      | Learned a level 5 spell: Blade Hands
  4740 | D:4      | Reached skill level 5 in Unarmed Combat
  5785 | D:5      | Entered Level 5 of the Dungeon
  5869 | D:5      | Found a staircase to the Ecumenical Temple.
  5878 | D:5      | Noticed Duvessa
  5884 | D:5      | Noticed Dowan
  5885 | D:5      | Noticed Grinder
  6253 | D:5      | Reached XP level 8. HP: 61/64 MP: 7/11
  6298 | D:4      | Reached skill level 7 in Transmutations
  6391 | D:5      | Found a radiant altar of Vehumet.
  6722 | D:5      | Killed Grinder
  6722 | D:5      | Reached skill level 8 in Transmutations
  6739 | D:5      | Killed Duvessa
  6747 | D:5      | Killed Dowan
  6975 | D:5      | Found a sparkling altar of Nemelex Xobeh.
  8096 | D:6      | Reached skill level 9 in Transmutations
  8096 | D:6      | Reached XP level 9. HP: 62/70 MP: 7/12
  9089 | D:7      | Noticed a two-headed ogre
  9096 | D:7      | HP: 3/70 [two-headed ogre/+0 giant club (19)]
  9098 | D:7      | Mangled by a two-headed ogre

Illustrated notes

Levels and vault maps discovered:
D:1:      shiori_arrival_maze, layout_basic
D:2:      wad_pebble_path, layout_basic, uniq_terence, uniq_sigmund
D:3:      layout_basic, hellmonk_ghost_happy_afterlife
D:4:      layout_basic, st_stairs_13, minmay_liquid_box, uniq_eustachio,
          uniq_robin
D:5:      layout_basic, minmay_temple_entry_purple_smoke, basic_altar,
          nemelex_diamond_rough_becter, uniq_duvessa, uniq_grinder
D:6:      layout_basic
D:7:      minmay_the_grid_triangle_9x9_rhombus_thin
          [minmay_the_grid_triangle_9x9_negative_grid,
          minmay_the_grid_triangle_9x9_prize_schism,
          minmay_the_grid_triangle_9x9_pentomino_pain,
          minmay_the_grid_triangle_9x9_zippers_horizontal], layout_rooms,
          minmay_manual_mullet

Skill      XL: |  1  2  3  4  5  6  7  8  9 |
---------------+----------------------------+-----
Transmutations | 3 4 5 6 9 |  9.7
Poison Magic   | 3 4 |  4.0
Unarmed Combat | 4 5 6 7 |  7.3
Fighting       | |  1.0
Dodging        | |  1.5
Spellcasting   | |  2.0

Action                   |  1- 3 |  4- 6 |  7- 9 || total
-------------------------+-------+-------+-------++-------
Melee: Unarmed           |    46 |   123 |   340 ||   509
       Headbutt          |     7 |     1 |       ||     8
       Punch             |       |     1 |       ||     1
 Cast: Beastly Appendage |    18 |     6 |       ||    24
       Spider Form       |     1 |    19 |    48 ||    68
       Blade Hands       |       |       |     1 ||     1
 Abil: Spit Poison       |    12 |       |       ||    12
  Use: Scroll            |     6 |     4 |     4 ||    14
Armor: Robe              |    21 |    21 |     6 ||    48
       Skin              |     1 |     5 |    17 ||    23
Dodge: Dodged            |    39 |   111 |   276 ||   426

Table legend: (Time is in decaauts)
 A = Elapsed time spent in this place.
 B = Non-inter-level travel time spent in this place.
 C = Inter-level travel time spent in this place.
 D = Time resting spent in this place.
 E = Time spent auto-exploring this place.
 F = Levels seen in this place.
 G = Mean time per level.
                   A        B        C        D        E       F      G
               +--------+--------+--------+--------+--------+-----+--------+
         Total |  10901 |  10560 |    341 |    534 |   8771 |   7 | 1557.3 |
       Dungeon |  10901 |  10560 |    341 |    534 |   8771 |   7 | 1557.3 |
               +--------+--------+--------+--------+--------+-----+--------+

Top non-repeatable levels by time:
     D:4: 2427 daAuts
     D:2: 1958 daAuts
     D:1: 1784 daAuts
     D:6: 1612 daAuts
     D:3: 1332 daAuts
     D:5: 994 daAuts
     D:7: 792 daAuts
